Map: Jagannatha LE

Players

PaRaGoNPasT - Winner!

  • Race: Zerg Zerg
  • League: Master
  • Spawn Location: 7:00

A.I. 1 (Elite)

  • Race: Terran Terran
  • Spawn Location: 1:00

VOD

Have the link to the VOD?

Description

Time

  • Played on: Dec. 8, 2020, 11:18 p.m.
  • Length: 7:58
Show
View Real Time Build Order
Export as new Build Order

PaRaGoNPasT Zerg - Winner!

Build Orders: Hatch First 

Get SALT Encoding   

  12  0:00  Drone  
  13  0:13  Overlord  
  13  0:17  Drone  
  14  0:31  Drone x2  
  16  0:49  Hatchery  
  15  0:52  Drone  
  15  0:56  Drone  
  17  1:00  Drone  
  18  1:11  Extractor  
  17  1:15  Spawning Pool  
  17  1:17  Drone  
  17  1:21  Drone  
  18  1:28  Drone  
  19  1:39  Overlord  
  19  1:52  Drone  
  20  2:01  Queen x2  
  20  2:02  Zergling x4  
  26  2:11  Metabolic Boost  
  26  2:14  Drone  
  26  2:15  Drone  
  28  2:22  Drone  
  29  2:23  Drone  
  30  2:37  Queen x2  
  30  2:41  Overlord  
  34  2:45  Overlord  
  34  3:00  Hatchery  
  34  3:02  Drone  
  34  3:03  Drone  
  35  3:06  Drone  
  35  3:08  Drone  
  35  3:11  Drone  
  38  3:15  Drone  
  38  3:17  Drone  
  38  3:18  Drone  
  41  3:20  Drone  
  41  3:22  Drone  
  41  3:25  Drone  
  44  3:28  Extractor  
  44  3:33  Roach Warren  
  42  3:38  Overlord  
  42  3:41  Overlord  
  42  3:44  Overlord  
  42  3:48  Overlord  
  42  4:13  Roach x8  
  60  4:17  Roach  
  60  4:21  Roach x2  
  64  4:26  Roach  
  64  4:28  Roach  
  64  4:31  Zergling x4  
  70  4:34  Zergling x2  
  70  4:35  Zergling x2  
  72  4:38  Zergling x2  
  72  4:40  Zergling x2  
  72  4:41  Zergling x2  
  72  4:44  Overlord  
  75  4:51  Zergling x4  
  77  4:57  Zergling x8  
  79  5:06  Zergling x10  
  84  5:09  Zergling x2  
  85  5:17  Zergling x2  
  85  5:18  Zergling x2  
  86  5:27  Zergling x12  
  85  5:35  Ravager  
  83  5:36  Ravager  
  83  5:37  Ravager  
  83  5:40  Ravager  
  83  5:42  Zergling x2  
  86  5:43  Lair  
  86  5:45  Drone  
  86  5:46  Drone x4  
  86  5:48  Drone  
  92  5:51  Drone  
  92  5:53  Drone  
  92  5:55  Ravager  
  95  5:57  Drone  
  96  6:05  Overlord x2  
  96  6:06  Roach  
  94  6:11  Zergling x2  
  94  6:15  Zergling x8  
  94  6:19  Overlord  
  94  6:20  Drone  
  94  6:22  Drone  
  91  6:29  Drone x5  
  91  6:30  Drone  
  97  6:33  Extractor  
  97  6:35  Extractor  
  97  6:38  Evolution Chamber  
  97  6:39  Drone  
  95  6:40  Evolution Chamber  
  95  6:45  Extractor  
  93  6:48  Hydralisk Den  
  93  6:49  Drone  
  93  6:50  Baneling Nest  
  93  6:51  Drone x2  
  94  6:54  Drone x2  
  94  6:57  Drone  
  94  6:58  Drone  
  98  7:01  Drone x2  
  100  7:14  Overlord  
  100  7:17  Hydralisk  
  100  7:18  Hydralisk  
  100  7:22  Hydralisk  
  106  7:27  Hydralisk  
  108  7:30  Hydralisk  
  108  7:33  Zergling x2  
  108  7:34  Zergling x2  
  108  7:36  Zergling x2  
  114  7:37  Zergling x2  
  114  7:38  Zergling x2  
  114  7:40  Zergling x2  
Show
View Real Time Build Order
Export as new Build Order

A.I. 1 (Elite) Terran 

Build Orders:  

Get SALT Encoding   

  12  0:00  SCV  
  13  0:13  SCV  
  14  0:18  Supply Depot  
  14  0:25  SCV  
  15  0:39  SCV  
  16  0:43  Barracks  
  16  0:52  SCV  
  17  1:04  SCV  
  18  1:16  SCV  
  19  1:19  Command Center  
  19  1:30  Marine  
  20  1:32  Orbital Command  
  20  1:44  Supply Depot  
  20  1:47  Marine  
  20  1:48  Refinery  
  21  1:58  SCV  
  22  2:05  Marine  
  23  2:09  Barracks  
  23  2:10  SCV  
  23  2:15  Refinery  
  24  2:22  SCV  
  24  2:23  Marine  
  25  2:30  Supply Depot  
  25  2:32  SCV  
  25  2:35  SCV  
  27  2:44  Orbital Command  
  27  2:47  Marine  
  27  2:48  SCV  
  29  3:00  SCV, Factory  
  29  3:02  Marine  
  29  3:05  Marine  
  32  3:09  SCV  
  32  3:12  SCV  
  34  3:20  Marine  
  34  3:21  SCV  
  34  3:23  Marine  
  34  3:24  SCV  
  38  3:30  Barracks  
  38  3:33  SCV  
  39  3:36  SCV  
  39  3:38  Barracks Tech Lab  
  40  3:42  Barracks Tech Lab  
  40  3:46  Factory Tech Lab, Starport  
  40  3:47  SCV  
  41  3:49  SCV  
  42  3:56  Marine  
  42  3:57  Stimpack  
  42  3:59  SCV  
  42  4:00  Marine  
  42  4:01  SCV, Combat Shield  
  46  4:07  Supply Depot  
  46  4:12  SCV  
  46  4:14  SCV  
  46  4:15  Marine  
  49  4:18  Marine  
  49  4:19  Marine  
  52  4:24  SCV  
  52  4:26  SCV  
  52  4:28  Supply Depot  
  52  4:29  Medivac  
  55  4:36  SCV  
  56  4:38  SCV  
  56  4:41  Supply Depot, Siege Tank, Marine  
  56  4:43  Marine  
  62  4:49  Marine  
  62  4:50  SCV x2  
  65  4:53  Supply Depot  
  65  4:59  Engineering Bay  
  65  5:00  Medivac, Engineering Bay  
  65  5:06  Marauder  
  69  5:09  Refinery  
  69  5:11  Marauder  
  69  5:12  Refinery  
  69  5:14  SCV  
  71  5:15  SCV  
  72  5:26  SCV  
  72  5:27  SCV  
  72  5:28  Marauder  
  73  5:29  Marine  
  73  5:32  Marauder  
  62  5:38  SCV  
  62  5:39  SCV  
  61  5:43  Ghost Academy  
  61  5:47  Marine  
  61  5:48  Marine  
  56  5:50  SCV  
  56  5:52  SCV  
  56  5:53  Marine  
  45  6:02  SCV  
  38  6:05  Marine  
  38  6:06  Marine  
  38  6:11  Marine  
  35  6:14  SCV  
  32  6:25  Marauder  
  14  6:47  SCV  
  6  6:59  SCV  
  5  7:44  Supply Depot  
Tags
 
League
Master
Matchup
TvZ
Spawn Locations
Cross Positions
Add a new tag
Caveats
  • Supply blocks, unpowered buildings, or Contaminate may cause inaccurate times.
  • Supply counts are checked every 10 seconds.